 Dungeon Crawl Stone Soup version 0.30-a0-696-g2367cd04db (webtiles) character file.

Game seed: 3873013515241550893

175 Rennog the Ruffian (level 5, -1/48 HPs)
             Began as a Ghoul Monk on Jan 20, 2023.
             Slain by an orc
             ... wielding a +0 hand axe
              (6 damage)
             ... on level 4 of the Dungeon.
             The game lasted 00:03:23 (3047 turns).

Rennog the Ruffian (Ghoul Monk)                     Turns: 3047, Time: 00:03:24

Health: -1/48      AC:  2    Str: 15    XL:     5   Next: 55%
Magic:  4/4        EV: 12    Int:  5    God:
Gold:   60         SH:  5    Dex: 13    Spells: 4/4 levels left

rFire   . . .      SeeInvis .      - Unarmed
rCold   + . .      Faith    .    (no shield)
rNeg    + + +      Spirit   .    a - +0 robe
rPois   ∞          Reflect  +    (no helmet)
rElec   .          Harm     .    (no cloak)
rCorr   .          Rampage  .    (no gloves)
Will    .....                    (no boots)
Stlth   ++                       e - amulet of reflection
HPRegen 0.00/turn                (no ring)
MPRegen 0.09/turn                (no ring)

@: inhibited regen
A: claws 1, cold resistance 1, negative energy resistance 3, inhibited
regeneration, torment resistance 2, devour on kill
a: no special abilities


You were on level 4 of the Dungeon.
You visited 1 branch of the dungeon, and saw 4 of its levels.

You collected 158 gold pieces.
You spent 98 gold pieces at shops.

Inventory:

Armour
 a - a +0 robe (worn)
Jewellery
 e - an amulet of reflection (around neck)
 i - an amulet of magic regeneration
 k - a ring of protection from fire
 s - a +6 ring of intelligence
Wands
 o - a wand of flame (18)
Scrolls
 c - 3 scrolls of teleportation {unknown}
 f - a scroll of blinking {unknown}
 g - a scroll of vulnerability {unknown}
 m - 2 scrolls of identify {unknown}
 n - a scroll of noise {unknown}
 p - a scroll of enchant armour {unknown}
 r - a scroll of immolation {unknown}
 u - a scroll of torment {unknown}
Potions
 b - a potion of ambrosia
 d - 2 potions of might
 h - 2 potions of attraction {unknown}
 j - 2 potions of brilliance {unknown}
 l - 3 potions of curing
 q - a potion of flight {unknown}
 t - a potion of resistance {unknown}
 v - 2 potions of invisibility {unknown}


   Skills:
 * Level 5.0 Fighting
 - Level 2.6 Dodging
 + Level 3.2 Stealth
 * Level 5.0 Unarmed Combat


You had 4 spell levels left.
You didn't know any spells.
Your spell library contained the following spells:

 Spells                   Type           Power      Damage    Failure   Level
 Freeze                   Ice            0%         1d3       47%         1
 Ensorcelled Hibernation  Hex/Ice        0%         N/A       63%         2
 Passwall                 Tmut/Erth      0%         N/A       63%         2
 Frozen Ramparts          Ice            0%         1d1       85%         3
 Hailstorm                Conj/Ice       0%         3d3       85%         3
 Swiftness                Air            0%         N/A       85%         3


Dungeon Overview and Level Annotations

Branches:
Dungeon (4/15)
 Temple: D:4-7

Altars:

Shops:
D:2 :   D:3 [!***


Innate Abilities, Weirdness & Mutations

You are immune to poison.
You have sharp fingernails.
Your flesh is cold resistant. (rC+)
You are immune to negative energy. (rN+++)
You do not regenerate when monsters are visible.
You are immune to unholy pain and torment.
You thrive by killing the living.


Message History

You are too injured to fight recklessly!
The hobgoblin attacks as you move away! The hobgoblin hits you.
The orc closely misses you. The orc attacks as you move away!
You block the orc's attack. The orc hits you with a +0 flail.
* * * LOW HITPOINT WARNING * * *
The orc attacks as you move away! The orc closely misses you.
The hobgoblin attacks as you move away! You block the hobgoblin's attack.
The orc attacks as you move away! The orc hits you with a +0 flail!
* * * LOW HITPOINT WARNING * * *
The orc attacks as you move away! The orc hits you with a +0 flail.
* * * LOW HITPOINT WARNING * * *
You claw the hobgoblin!
You kill the hobgoblin!
You feel better.
Your Fighting skill increases to level 5!
You scratch the orc.
The orc is severely wounded.
You barely miss the orc.
The orc is severely wounded.
You block the orc's attack.
You scratch the orc.
You kill the orc!
You scratch the orc.
The orc is lightly wounded.
The orc misses you.
You scratch the orc but do no damage.
The orc is lightly wounded.
The orc closely misses you.
You barely miss the orc.
The orc is lightly wounded.
The orc barely misses you.
You closely miss the orc.
The orc is lightly wounded.
The orc hits you with a +0 hand axe.
* * * LOW HITPOINT WARNING * * *
You closely miss the orc.
The orc is lightly wounded.
The orc hits you with a +0 hand axe.
You die...

.<...........#
#...........#
[............#
#.#.......†##
............$#
#.###......#.
.?.....###..##
###...##.
......# #..#
###.#.. .....#
#..## #####
.#### ##..#
#.# #o## ##..
#@# #... #..##
##... #...
#.... #.##
#.... #..
..... #. .....
. ..... .#
#.... ###..


You could see an orc.

Vanquished Creatures
  A scorpion (D:4)
  5 adders
  An ufetubus (D:4)
  A worm (D:2)
  2 dart slugs
  4 orcs (D:4)
  4 endoplasms
  A giant cockroach (D:3)
  7 goblins
  5 hobgoblins
  6 jackals (D:1)
  3 quokkas (D:1)
  A ball python (D:3)
  2 bats
  A frilled lizard (D:1)
  5 kobolds
  8 rats
57 creatures vanquished.

Notes
Turn   | Place    | Note
-------+----------+-------------------------------------------
     0 | D:1      | Rennog the Ghoul Monk began the quest for the Orb.
     0 | D:1      | Reached XP level 1. HP: 19/19 MP: 0/0
    51 | D:1      | Reached XP level 2. HP: 21/26 MP: 1/1
   403 | D:1      | Reached XP level 3. HP: 33/33 MP: 2/2
  1184 | D:2      | Found a faded altar of an unknown god.
  1256 | D:2      | Found Yqaruets's Book Boutique.
  1886 | D:3      | Reached XP level 4. HP: 40/40 MP: 3/3
  1958 | D:3      | Found Meyj's General Store.
  1982 | D:3      | Found Megyepam's Distillery.
  2020 | D:3      | Bought a potion of might for 56 gold pieces
  2020 | D:3      | Bought a potion of curing for 42 gold pieces
  2094 | D:3      | Found Pimosche's Antique Armour Shoppe.
  2342 | D:3      | Found Uzum's Assorted Antiques.
  2689 | D:3      | Found Gowookle's Assorted Antiques.
  2827 | D:4      | Noticed a scorpion
  2839 | D:4      | Killed a scorpion
  2840 | D:4      | Reached XP level 5. HP: 36/47 MP: 4/4
  3020 | D:4      | Reached skill level 5 in Unarmed Combat
  3040 | D:4      | Reached skill level 5 in Fighting
  3047 | D:4      | Slain by an orc

Illustrated notes

Levels and vault maps discovered:
D:1:      amcnicky_arrival_abandoned_market, layout_basic,
          minmay_misc_feat_alley
D:2:      layout_basic, ebering_ecumenical_altar_hall, serial_shops,
          nicolae_shop_behind_doors
D:3:      layout_loops_corners, serial_shops, nicolae_shop_window_shopping,
          nicolae_shop_window_shopping, shop, shop_statue,
          nicolae_shop_hallway_stairs, corexii_leaking_fountain, st_stairs_8,
          kennysheep_flooded_box
D:4:      minmay_skewed_foursquare, layout_rooms, minmay_misc_feat_x,
          corexii_hall_statues_s, st_stairs_1, minmay_mini_jars

Skill      XL: |  1  2  3  4  5 |
---------------+----------------+-----
Fighting       | 4 5 |  5.0
Unarmed Combat | 4 5 |  5.0
Stealth        | 3 |  3.2
Dodging        | |  2.6

Action                   |  1- 3 |  4- 6 || total
-------------------------+-------+-------++-------
Melee: Unarmed           |    84 |    97 ||   181
       Punch             |     1 |     4 ||     5
 Stab: Sleeping          |     6 |     3 ||     9
Armor: Robe              |     8 |     7 ||    15
Dodge: Dodged            |    35 |    57 ||    92
Block: Other             |    11 |    16 ||    27
       Reflection        |     3 |       ||     3

Table legend: (Time is in decaauts)
 A = Elapsed time spent in this place.
 B = Non-inter-level travel time spent in this place.
 C = Inter-level travel time spent in this place.
 D = Time resting spent in this place.
 E = Time spent auto-exploring this place.
 F = Levels seen in this place.
 G = Mean time per level.
                   A        B        C        D        E       F      G
               +--------+--------+--------+--------+--------+-----+--------+
         Total |   3032 |   2968 |     64 |      0 |   2556 |   4 |  758.0 |
       Dungeon |   3032 |   2968 |     64 |      0 |   2556 |   4 |  758.0 |
               +--------+--------+--------+--------+--------+-----+--------+

Top non-repeatable levels by time:
     D:3: 1000 daAuts
     D:2: 968 daAuts
     D:1: 812 daAuts
     D:4: 251 daAuts
